Map: Tours du crépuscule

Players

Heyoka - Winner!

  • Race: Zerg Zerg

IA (très facile)

  • Race: Terran Terran

VOD

Have the link to the VOD?

Description

Time

  • Played on: Nov. 29, 2015, 5:26 p.m.
  • Length: 4:57
Show
View Real Time Build Order
Export as new Build Order

Heyoka Zerg - Winner!

Build Orders: Pool First 

Get SALT Encoding   

  12  0:02  Drone  
  13  0:08  Drone  
  14  0:17  Overlord  
  14  0:36  Drone x3  
  17  0:47  Drone, Spawning Pool  
  17  0:57  Extractor  
  17  0:58  Drone  
  17  1:08  Drone  
  18  1:20  Drone  
  19  1:30  Drone  
  20  1:34  Queen  
  22  1:41  Roach Warren, Drone  
  22  1:52  Overlord  
  22  2:02  Evolution Chamber  
  22  2:05  Overlord  
  21  2:21  Roach  
  23  2:26  Roach  
  25  2:30  Zerg Missile Weapons Level 1  
  25  2:39  Roach  
  27  2:56  Roach x3  
  33  3:14  Hatchery  
  33  3:17  Roach x2  
  36  3:42  Roach  
  36  3:45  Overlord  
  36  3:46  Overlord  
  38  4:04  Roach x2  
  42  4:38  Drone x3  
Show
View Real Time Build Order
Export as new Build Order

IA (très facile) Terran 

Build Orders:  

Get SALT Encoding   

  12  0:00  SCV  
  13  0:13  SCV  
  14  0:19  Supply Depot  
  14  0:37  Refinery  
  14  0:47  Barracks  
  14  1:03  Supply Depot  
  14  1:12  Refinery  
  14  1:29  SCV  
  15  1:34  Marine  
  16  1:41  SCV  
  17  1:53  SCV  
  18  2:04  Marine  
  18  2:06  SCV  
  20  2:18  SCV  
  21  2:30  SCV  
  21  2:34  Marine  
  23  2:42  Orbital Command  
  23  4:19  Marine  
  21  4:29  SCV  
  14  4:41  SCV  
Tags
 
Add a new tag
Caveats
  • Supply blocks, unpowered buildings, or Contaminate may cause inaccurate times.
  • Supply counts are checked every 10 seconds.